 Dungeon Crawl Stone Soup version 0.31-a0-216-g22e908daa7 (webtiles) character file.

Game seed: 10000951838514842713

30135 qw the Cleaver (level 13, 0/84 HPs)
             Began as a Gargoyle Fighter on July 1, 2023.
             Was an Elder of Okawaru.
             Slain by a 19-headed hydra (1 damage)
             ... on level 4 of the Lair of Beasts.
             The game lasted 00:06:18 (10971 turns).

qw the Cleaver (Gargoyle Fighter)                  Turns: 10971, Time: 00:06:18

Health: 0/84       AC: 27    Str: 24    XL:     13   Next: 49%
Magic:  20/20      EV: 17    Int: 10    God:    Okawaru [****..]
Gold:   339        SH:  6    Dex:  9    Spells: 12/12 levels left

rFire   + + .        p - +7 consecrated labrys {holy, Valiant Fragile Fly SInv}
rCold   . . .        c - +0 buckler
rNeg    + + +        v - +0 fire dragon scales
rPois   inf          l - +2 helmet "Komauth" {rN++}
rElec   +            (no cloak)
rCorr   .            e - +0 pair of gloves
SInv    +            (no boots)
Will    .....        (no amulet)
Stlth   +            u - +5 ring of evasion
HPRegen 0.34/turn    y - ring of protection from cold
MPRegen 0.17/turn

%: no passive effects
@: heroic, flying
A: sickness immunity, AC +9, negative energy resistance 1, electricity
resistance, torment resistance 1, petrification resistance, mutation resistance
1
a: Renounce Religion, Heroism, Finesse


You were on level 4 of the Lair of Beasts.
You worshipped Okawaru.
Okawaru was greatly pleased with you.
You visited 3 branches of the dungeon, and saw 14 of its levels.

You collected 728 gold pieces.
You spent 389 gold pieces at shops.


Innate Abilities, Weirdness & Mutations

You are immune to sickness and miasma.
Your stone body is resilient. (AC +9)
You are immune to poison.
You resist negative energy. (rN+)
You are resistant to electric shocks. (rElec)
You are resistant to unholy torment.
You are immune to petrification.
You are somewhat resistant to further mutation.


   Skills:
 - Level 11.0(16.0) Fighting
 + Level 14.4(19.4) Axes
 - Level 1.8(6.8) Throwing
 - Level 8.1(13.1) Armour
 - Level 3.1(8.1) Dodging
 - Level 7.0(12.0) Shields
 - Level 10.0 Invocations


You had 12 spell levels left.
You didn't know any spells.
Your spell library was empty.

Inventory:

Hand Weapons
 f - a +0 flail
 g - a +2 broad axe of electrocution
 p - the +7 consecrated labrys (weapon) {holy, Valiant Fragile Fly SInv}
   (You took it off a hobgoblin on level 3 of the Dungeon)

   Valiant:   It becomes more powerful as more dangerous foes come into view.
   SInv:      It lets you see invisible.
   Fly:       It grants you flight.
   Fragile:   It will be destroyed if unequipped.
Armour
 a - a +1 robe of resistance
 c - a +0 buckler (worn)
 e - a +0 pair of gloves (worn)
 h - a +0 chain mail
 k - the +0 ring mail of Voguc {Rampage rC+}
   (You found it on level 3 of the Dungeon)

   rC:        It protects you from cold.
   Rampage:   It bestows one free step when moving towards enemies.
 l - the +2 helmet "Komauth" (worn) {rN++}
   (You took it off Robin on level 3 of the Dungeon)

   rN:        It greatly protects you from negative energy.
 t - a +0 ring mail of fire resistance
 v - +0 fire dragon scales (worn)
 x - the +1 pair of boots of the Sun {Harm rC++}
   (Okawaru gifted it to you on level 2 of the Lair of Beasts)

   rC:        It greatly protects you from cold.
   Harm:      It increases damage dealt and taken.
Jewellery
 o - a ring of positive energy
 r - a ring of see invisible
 u - a +5 ring of evasion (left hand)
 y - a ring of protection from cold (right hand)
 z - a ring of fire
Scrolls
 i - 2 scrolls of identify
Potions
 d - a potion of might
 j - 3 potions of lignification
 m - 6 potions of curing
 n - a potion of magic
 q - a potion of resistance
 s - a potion of mutation
 w - a potion of haste

Dungeon Overview and Level Annotations

Branches:
Dungeon (8/15)             Temple (1/1) D:6            Lair (5/5) D:8
 Shoals (0/4) Lair:3       Spider (0/4) Lair:2
  Slime: Lair:4-5

Altars:
Ashenzari
Cheibriados
Dithmenos
Elyvilon
Fedhas
Gozag
Hepliaklqana
Kikubaaqudgha
Makhleb
Nemelex Xobeh
Okawaru
Qazlal
Ru
Sif Muna
Trog
Uskayaw
Vehumet
Wu Jian
Xom
Yredelemnul
Zin
The Shining One

Shops:
D:6 =   D:7 *

Annotations:
D:3 1 runed translucent door, Crazy Yiuf
D:4 1 runed translucent door, qw's ghost, amateur DEHu


Message History

You hack one of the 19-headed hydra's heads off!
The 18-headed hydra grows two more!
You slash the 20-headed hydra!
The 20-headed hydra is moderately wounded.
The 20-headed hydra bites you but does no damage.
The 20-headed hydra bites you.
The 20-headed hydra bites you but does no damage. x2
The 20-headed hydra closely misses you. x2; The 20-headed hydra bites you!
The 20-headed hydra misses you. The 20-headed hydra closely misses you.
You block the 20-headed hydra's attack. The 20-headed hydra misses you. x2
The 20-headed hydra bites you but does no damage. x2
The 20-headed hydra barely misses you. The 20-headed hydra bites you!
The 20-headed hydra barely misses you.
The 20-headed hydra bites you but does no damage. x2
The 20-headed hydra misses you.
10970 ||| DRINKING potion of heal wounds.
You feel much better.
The 20-headed hydra bites you but does no damage. x2
The 20-headed hydra completely misses you.
The 20-headed hydra barely misses you. The 20-headed hydra bites you!
You block the 20-headed hydra's attack.
The 20-headed hydra bites you but does no damage.
The 20-headed hydra bites you. The 20-headed hydra misses you.
The 20-headed hydra closely misses you. The 20-headed hydra misses you.
The 20-headed hydra bites you.
The 20-headed hydra bites you but does no damage.
You block the 20-headed hydra's attack.
The 20-headed hydra bites you but does no damage. x2
The 20-headed hydra bites you!
The 20-headed hydra bites you but does no damage. x2
The 20-headed hydra bites you.
You slice one of the 20-headed hydra's heads off!
You slice the 19-headed hydra!!
The 19-headed hydra is heavily wounded.
The 19-headed hydra misses you. x2; The 19-headed hydra bites you.
You block the 19-headed hydra's attack. x2
The 19-headed hydra bites you but does no damage.
The 19-headed hydra completely misses you.
The 19-headed hydra bites you but does no damage. x2
The 19-headed hydra bites you.
You die...

#^...>...............
#....................
.....................
......./.............
#....#.#............
#.......###........
#........##.......
#...#.....#.>....
#...##..@#...... #..
#..D##..... ..
.P...$# .....
.......<. ....
......#.. ...
...##...#. ... ...
...... .. ........


You could see a 19-headed hydra.

Vanquished Creatures
  Gastronok (Lair:2)
  3 hydras
  A catoblepas (Lair:4)
  A boulder beetle (D:8)
  7 death yaks
  Pikel (D:7)
  A wolf spider (Lair:2)
  A water nymph (Lair:3)
  3 black mambas
  9 cane toads
  A rime drake (Lair:3)
  7 komodo dragons
  9 blink frogs
  3 hornets
  2 wyverns
  6 spriggans (Lair:1)
  43 yaks
  4 basilisks
  Menkaure (D:7)
  Duvessa (D:7)
  15 water moccasins
  A sky beast (D:4)
  An orc warrior (D:7)
  2 black bears
  3 wolves (Lair:2)
  4 ogres
  3 centaurs
  A lemure (D:7)
  A phantom (D:5)
  14 bullfrogs
  3 scorpions
  Dowan (D:7)
  3 killer bees (D:8)
  A howler monkey (D:8)
  An electric eel (Lair:5)
  A lava snake (D:8)
  2 jellies
  3 hounds
  A gnoll bouda (D:7)
  3 orc priests
  A sleepcap (D:8)
  2 iguanas
  3 orc wizards (D:7)
  Robin (D:3)
  11 gnolls
  15 adders
  4 river rats (D:8)
  A white imp (D:6)
  An ufetubus (D:5)
  14 orcs
  7 endoplasms
  4 giant cockroaches (D:2)
  10 hobgoblins
  8 jackals
  5 kobolds (D:2)
  7 quokkas
  5 ball pythons
  5 bats
  2 frilled lizards (D:2)
  15 goblins
  7 rats
297 creatures vanquished.

Vanquished Creatures (others)
  A hound (D:4)
1 creature vanquished.

Grand Total: 298 creatures vanquished

Notes
Turn   | Place    | Note
-------+----------+-------------------------------------------
     0 | D:1      | qw the Gargoyle Fighter began the quest for the Orb.
     0 | D:1      | Reached XP level 1. HP: 14/14 MP: 1/1
     0 | D:1      | 0 ||| qw: Version: 0.3-a-32-g5962c71
     0 | D:1      | 0 ||| qw: Game counter: 7693
     0 | D:1      | 0 ||| qw: Melee chars always use a shield: true
     0 | D:1      | 0 ||| qw: God list: Okawaru
     0 | D:1      | 0 ||| qw: Allow faded altars: false
     0 | D:1      | 0 ||| qw: Do Orc after clearing Dungeon:15 true
     0 | D:1      | 0 ||| qw: Do second Lair branch before Depths: true
     0 | D:1      | 0 ||| qw: Lair rune preference: random
     0 | D:1      | 0 ||| qw: Goals: Normal, Zot:1-4, Slime:5, God:TSO, Crypt,
                  | Tomb, Abyss, Pan, Hells, Win
     0 | D:1      | 0 ||| PLANNING D:1-11
    39 | D:1      | Reached skill level 2 in Axes
   747 | D:1      | 747 ||| READING 2 scrolls labelled PISIERRUCH.
   748 | D:1      | 748 ||| READING scroll labelled JATULO FOZXINE.
   749 | D:1      | 749 ||| READING 2 scrolls labelled LET QOURUCLA.
   750 | D:1      | 750 ||| READING scroll labelled JULISH FAKH.
   751 | D:1      | 751 ||| DRINKING 2 bubbling grey potions.
   752 | D:1      | 752 ||| DROPPING scroll of poison.
   753 | D:1      | 753 ||| DROPPING potion of invisibility.
   825 | D:2      | Reached XP level 2. HP: 19/19 MP: 2/2
   909 | D:2      | 909 ||| Stepping ~*~*~tactically~*~*~ (stealth).
   914 | D:2      | Reached skill level 3 in Axes
   920 | D:2      | Reached XP level 3. HP: 21/23 MP: 3/3
  1323 | D:2      | 1323 ||| Stepping ~*~*~tactically~*~*~ (hiding).
  1620 | D:2      | 1620 ||| UPGRADING to +0 pair of gloves.
  1625 | D:2      | 1625 ||| READING scroll labelled ZEBOER FAFUL.
  1626 | D:2      | 1626 ||| READING scroll labelled WUYSEH HERU.
  1627 | D:2      | 1627 ||| READING 4 scrolls of identify.
  1627 | D:2      | 1627 ||| IDENTIFYING bubbling orange potion
  1655 | D:3      | 1655 ||| STAIRDANCE
  1658 | D:2      | Reached XP level 4. HP: 18/28 MP: 4/4
  1659 | D:2      | Reached skill level 4 in Axes
  1724 | D:2      | 1724 ||| DROPPING +0 mace.
  1731 | D:3      | 1731 ||| STAIRDANCE
  1869 | D:3      | 1869 ||| Stepping ~*~*~tactically~*~*~ (stealth).
  1898 | D:3      | Reached XP level 5. HP: 28/32 MP: 5/5
  2025 | D:3      | 2025 ||| Stepping ~*~*~tactically~*~*~ (stealth).
  2053 | D:3      | Identified the +0 ring mail of Voguc {Rampage rC+}
  2106 | D:3      | Identified the +2 helmet "Komauth" {rN++}
  2106 | D:3      | Noticed Robin
  2107 | D:3      | 2107 ||| Stepping ~*~*~tactically~*~*~ (stealth).
  2116 | D:3      | Reached skill level 5 in Axes
  2129 | D:3      | Killed Robin
  2411 | D:3      | 2411 ||| Stepping ~*~*~tactically~*~*~ (stealth).
  2526 | D:3      | Found a runed translucent door.
  2527 | D:3      | Noticed Crazy Yiuf
  2721 | D:3      | You fall into a shaft and drop 2 floors!
  2721 | D:5      | Entered Level 5 of the Dungeon
  2722 | D:5      | 2722 ||| UPGRADING to +0 ring mail of Voguc {Rampage rC+}.
  2732 | D:5      | 2732 ||| UPGRADING to +2 helmet "Komauth" {rN++}.
  2737 | D:5      | 2737 ||| DROPPING +6 ring of intelligence.
  2738 | D:5      | 2738 ||| READING scroll labelled LEL QEXANAU.
  2839 | D:5      | 2839 ||| READING 3 scrolls of identify.
  2839 | D:5      | 2839 ||| IDENTIFYING bubbling puce potion
  2840 | D:5      | 2840 ||| READING 2 scrolls of identify.
  2840 | D:5      | 2840 ||| IDENTIFYING golden potion
  2841 | D:5      | 2841 ||| DROPPING potion of ambrosia.
  2844 | D:5      | 2844 ||| FLEEEEING.
  2845 | D:5      | 2845 ||| STAIRDANCE
  2846 | D:4      | Noticed qw's ghost (amateur DEHu)
  2856 | D:4      | Found a runed translucent door.
  3103 | D:3      | 3103 ||| READING scroll labelled YXKECY GARUSOQ.
  3104 | D:3      | 3104 ||| PLANNING D:1-11
  3104 | D:3      | Upgraded the game from 0.31-a0-214-gb37851dbb3 to
                  | 0.31-a0-216-g22e908daa7
  3104 | D:3      | 3104 ||| PLANNING D:1-11
  3104 | D:3      | 3104 ||| SWAPPING to +4 consecrated labrys {holy, Valiant
                  | Fragile Fly SInv}.
  3219 | D:4      | Noticed a sky beast
  3224 | D:4      | Killed a sky beast
  3225 | D:4      | Reached XP level 6. HP: 37/38 MP: 6/6
  3536 | D:4      | 3536 ||| PLANNING D:1-11
  3760 | D:4      | 3760 ||| READING 3 scrolls of identify.
  3760 | D:4      | 3760 ||| IDENTIFYING blue potion
  3761 | D:4      | 3761 ||| READING 2 scrolls of identify.
  3761 | D:4      | 3761 ||| IDENTIFYING bubbling golden potion
  3804 | D:5      | 3804 ||| Stepping ~*~*~tactically~*~*~ (stealth).
  3805 | D:5      | 3805 ||| Stepping ~*~*~tactically~*~*~ (stealth).
  3806 | D:5      | 3806 ||| Stepping ~*~*~tactically~*~*~ (stealth).
  3807 | D:5      | 3807 ||| Stepping ~*~*~tactically~*~*~ (stealth).
  3808 | D:5      | 3808 ||| Stepping ~*~*~tactically~*~*~ (stealth).
  3839 | D:5      | 3839 ||| Stepping ~*~*~tactically~*~*~ (stealth).
  3840 | D:5      | 3840 ||| Stepping ~*~*~tactically~*~*~ (stealth).
  3850 | D:5      | 3850 ||| Stepping ~*~*~tactically~*~*~ (hiding).
  3858 | D:5      | Reached XP level 7. HP: 25/43 MP: 7/7
  3858 | D:5      | HP: 9/43 [orc priest/divine providence (17)]
  3859 | D:5      | 3859 ||| DRINKING potion of heal wounds.
  3871 | D:5      | 3871 ||| Stepping ~*~*~tactically~*~*~ (stealth).
  3949 | D:5      | Reached skill level 6 in Axes
  4016 | D:5      | 4016 ||| Stepping ~*~*~tactically~*~*~ (stealth).
  4018 | D:5      | 4018 ||| Stepping ~*~*~tactically~*~*~ (hiding).
  4161 | D:5      | Reached skill level 7 in Axes
  4394 | D:5      | 4394 ||| DROPPING +0 scale mail.
  4395 | D:5      | 4395 ||| UPGRADING to +0 chain mail.
  4418 | D:6      | 4418 ||| STAIRDANCE
  4423 | D:5      | Reached XP level 8. HP: 34/49 MP: 8/8
  4552 | D:6      | Found a staircase to the Ecumenical Temple.
  4553 | D:6      | 4553 ||| PLANNING TEMPLE
  4562 | Temple   | Entered the Ecumenical Temple
  4601 | Temple   | 4601 ||| PLANNING OKAWARU WORSHIP
  4692 | Temple   | Became a worshipper of Warmaster Okawaru
  4693 | Temple   | 4693 ||| PLANNING D:1-11
  4754 | D:6      | Found Jiasyd's Jewellery Boutique.
  4768 | D:6      | 4768 ||| SHOPLISTING +6 ring of dexterity (504 gold, have
                  | 374).
  4768 | D:6      | 4768 ||| SHOPLISTING +6 ring of strength (504 gold, have
                  | 374).
  4768 | D:6      | 4768 ||| SHOPLISTING amulet of guardian spirit (420 gold,
                  | have 374).
  4768 | D:6      | 4768 ||| SHOPLISTING ring "Luudisoph" {rPois rF+ rC- Int+7
                  | Dex+2} (673 gold, have 374).
  4768 | D:6      | 4768 ||| BUYING ring of fire (350 gold).
  4768 | D:6      | Bought a ring of fire for 350 gold pieces
  4768 | D:6      | 4768 ||| SHOPLISTING ring of fire (350 gold, have 24).
  4803 | D:6      | 4803 ||| Stepping ~*~*~tactically~*~*~ (stealth).
  4954 | D:6      | Reached skill level 8 in Axes
  5098 | D:7      | Noticed a hornet
  5105 | D:7      | Killed a hornet
  5140 | D:7      | 5140 ||| FLEEEEING.
  5141 | D:7      | 5141 ||| FLEEEEING.
  5142 | D:7      | 5142 ||| STAIRDANCE
  5241 | D:7      | Reached * piety under Okawaru
  5302 | D:7      | Reached skill level 6 in Fighting
  5302 | D:7      | Reached skill level 1 in Invocations
  5307 | D:7      | 5307 ||| Stepping ~*~*~tactically~*~*~ (stealth).
  5338 | D:7      | 5338 ||| INVOKING Heroism.
  5349 | D:7      | Reached XP level 9. HP: 52/55 MP: 7/10
  5353 | D:7      | 5353 ||| INVOKING Heroism.
  5365 | D:7      | Reached skill level 3 in Invocations
  5371 | D:7      | Noticed Menkaure
  5372 | D:7      | 5372 ||| FLEEEEING.
  5373 | D:7      | 5373 ||| FLEEEEING.
  5374 | D:7      | 5374 ||| FLEEEEING.
  5435 | D:7      | 5435 ||| Stepping ~*~*~tactically~*~*~ (hiding).
  5437 | D:7      | 5437 ||| INVOKING Heroism.
  5439 | D:7      | Killed Menkaure
  5526 | D:7      | Noticed Pikel
  5527 | D:7      | 5527 ||| Stepping ~*~*~tactically~*~*~ (stealth).
  5529 | D:7      | 5529 ||| INVOKING Heroism.
  5537 | D:7      | Killed Pikel
  5538 | D:7      | Reached skill level 9 in Axes
  5601 | D:7      | 5601 ||| Stepping ~*~*~tactically~*~*~ (hiding).
  5607 | D:7      | 5607 ||| INVOKING Heroism.
  5656 | D:7      | Found Faenn's General Store.
  5664 | D:7      | 5664 ||| BUYING potion of lignification (39 gold).
  5664 | D:7      | Bought a potion of lignification for 39 gold pieces
  5664 | D:7      | 5664 ||| SHOPLISTING potion of magic (104 gold, have 24).
  5664 | D:7      | 5664 ||| SHOPLISTING scroll of identify (26 gold, have 24).
  5910 | D:7      | Noticed Dowan
  5911 | D:7      | 5911 ||| Stepping ~*~*~tactically~*~*~ (hiding).
  5917 | D:7      | 5917 ||| INVOKING Heroism.
  5918 | D:7      | Noticed Duvessa
  5920 | D:7      | Killed Dowan
  5929 | D:7      | Killed Duvessa
  5930 | D:7      | Reached skill level 1 in Throwing
  6275 | D:7      | Found a broken altar of Ashenzari.
  6283 | D:7      | Found a shimmering altar of Xom.
  6286 | D:7      | Found a glowing silver altar of Zin.
  6289 | D:7      | Found a radiant altar of Vehumet.
  6343 | D:7      | 6343 ||| READING 2 scrolls of identify.
  6343 | D:7      | 6343 ||| IDENTIFYING viscous pink potion
  6344 | D:7      | 6344 ||| DROPPING potion of degeneration.
  6367 | D:8      | 6367 ||| INVOKING Heroism.
  6440 | D:8      | 6440 ||| Stepping ~*~*~tactically~*~*~ (hiding).
  6613 | D:8      | 6613 ||| Stepping ~*~*~tactically~*~*~ (stealth).
  6614 | D:8      | 6614 ||| Stepping ~*~*~tactically~*~*~ (stealth).
  6619 | D:8      | 6619 ||| Stepping ~*~*~tactically~*~*~ (hiding).
  6620 | D:8      | 6620 ||| Stepping ~*~*~tactically~*~*~ (hiding).
  6625 | D:8      | 6625 ||| INVOKING Heroism.
  6680 | D:8      | Reached XP level 10. HP: 57/63 MP: 13/13
  6701 | D:8      | Found a hide-covered altar of Uskayaw.
  6702 | D:8      | Found a hazy altar of Hepliaklqana.
  6800 | D:8      | Found a staircase to the Lair.
  6800 | D:8      | Noticed a death yak
  6801 | D:8      | 6801 ||| Stepping ~*~*~tactically~*~*~ (stealth).
  6803 | D:8      | 6803 ||| Stepping ~*~*~tactically~*~*~ (stealth).
  6804 | D:8      | Noticed a death yak
  6805 | D:8      | 6805 ||| INVOKING Heroism.
  6810 | D:8      | Killed a death yak
  6810 | D:8      | Reached ** piety under Okawaru
  6811 | D:8      | Reached skill level 10 in Axes
  6813 | D:8      | Noticed a death yak
  6818 | D:8      | Killed a death yak
  6828 | D:8      | Killed a death yak
  6829 | D:8      | Reached skill level 11 in Axes
  6968 | D:8      | 6968 ||| Stepping ~*~*~tactically~*~*~ (hiding).
  6970 | D:8      | 6970 ||| Stepping ~*~*~tactically~*~*~ (hiding).
  6972 | D:8      | 6972 ||| Stepping ~*~*~tactically~*~*~ (hiding).
  6978 | D:8      | Reached *** piety under Okawaru
  7046 | D:8      | Noticed a boulder beetle
  7047 | D:8      | 7047 ||| INVOKING Heroism.
  7062 | D:8      | Killed a boulder beetle
  7063 | D:8      | Reached skill level 6 in Armour
  7303 | D:8      | 7303 ||| Stepping ~*~*~tactically~*~*~ (stealth).
  7312 | D:8      | 7312 ||| Stepping ~*~*~tactically~*~*~ (stealth).
  7450 | D:8      | 7450 ||| Stepping ~*~*~tactically~*~*~ (stealth).
  7452 | D:8      | 7452 ||| Stepping ~*~*~tactically~*~*~ (hiding).
  7467 | D:8      | 7467 ||| Stepping ~*~*~tactically~*~*~ (stealth).
  7529 | D:8      | 7529 ||| PLANNING LAIR
  7529 | D:8      | 7529 ||| DROPPING ring of positive energy.
  7530 | D:8      | 7530 ||| UPGRADING to +5 ring of evasion.
  7531 | D:8      | 7531 ||| READING scroll labelled PAVUER XUIMAOD.
  7532 | D:8      | 7532 ||| READING scroll labelled YTWIASY NAORPH.
  7532 | D:8      | Identified a scroll of acquirement
  7532 | D:8      | 7532 ||| ACQUIRING +2 broad axe of electrocution
  7532 | D:8      | Acquired a +2 broad axe of electrocution
  7534 | D:8      | 7534 ||| DROPPING +1 war axe.
  7577 | Lair:1   | Entered Level 1 of the Lair of Beasts
  7578 | Lair:1   | Noticed a cane toad
  7580 | Lair:1   | 7580 ||| INVOKING Heroism.
  7583 | Lair:1   | 7583 ||| Stepping ~*~*~tactically~*~*~ (stealth).
  7588 | Lair:1   | Killed a cane toad
  7589 | Lair:1   | Reached skill level 9 in Fighting
  7589 | Lair:1   | Reached XP level 11. HP: 31/71 MP: 12/14
  7664 | Lair:1   | 7664 ||| FLEEEEING.
  7665 | Lair:1   | 7665 ||| FLEEEEING.
  7666 | Lair:1   | 7666 ||| STAIRDANCE
  7726 | Lair:1   | 7726 ||| Stepping ~*~*~tactically~*~*~ (stealth).
  7734 | Lair:1   | Reached **** piety under Okawaru
  7747 | Lair:1   | Reached skill level 12 in Axes
  7802 | Lair:1   | 7802 ||| INVOKING Heroism.
  7816 | Lair:1   | Reached skill level 6 in Invocations
  7829 | Lair:1   | Reached skill level 6 in Shields
  7847 | Lair:1   | 7847 ||| Stepping ~*~*~tactically~*~*~ (stealth).
  7917 | Lair:1   | 7917 ||| INVOKING Heroism.
  7929 | Lair:1   | 7929 ||| Stepping ~*~*~tactically~*~*~ (hiding).
  8522 | Lair:1   | 8522 ||| UPGRADING to +0 fire dragon scales.
  8532 | Lair:1   | 8532 ||| UPGRADING to ring of fire.
  8533 | Lair:1   | 8533 ||| READING 3 scrolls labelled VEENUI BULE.
  8568 | Lair:1   | 8568 ||| DRINKING 2 fuming sapphire potions.
  8568 | Lair:1   | Gained mutation: You are somewhat resistant to further
                  | mutation. [potion of mutation]
  8569 | Lair:1   | 8569 ||| DRINKING 2 red potions.
  8570 | Lair:1   | 8570 ||| DROPPING 2 scrolls of torment.
  8627 | Lair:2   | 8627 ||| INVOKING Heroism.
  8651 | Lair:2   | 8651 ||| INVOKING Heroism.
  8721 | Lair:2   | 8721 ||| Stepping ~*~*~tactically~*~*~ (stealth).
  8734 | Lair:2   | Reached XP level 12. HP: 77/77 MP: 16/18
  8735 | Lair:2   | 8735 ||| FLEEEEING.
  8736 | Lair:2   | 8736 ||| FLEEEEING.
  8738 | Lair:2   | 8738 ||| FLEEEEING.
  8739 | Lair:2   | 8739 ||| FLEEEEING.
  8740 | Lair:2   | 8740 ||| FLEEEEING.
  8741 | Lair:2   | 8741 ||| FLEEEEING.
  8742 | Lair:2   | 8742 ||| FLEEEEING.
  8743 | Lair:2   | 8743 ||| FLEEEEING.
  8744 | Lair:2   | 8744 ||| FLEEEEING.
  8745 | Lair:2   | 8745 ||| FLEEEEING.
  8746 | Lair:2   | 8746 ||| INVOKING Heroism.
  8878 | Lair:2   | 8878 ||| Stepping ~*~*~tactically~*~*~ (stealth).
  8972 | Lair:2   | 8972 ||| INVOKING Heroism.
  9023 | Lair:2   | Found a hole to the Spider Nest.
  9108 | Lair:2   | 9108 ||| Stepping ~*~*~tactically~*~*~ (stealth).
  9116 | Lair:2   | 9116 ||| INVOKING Heroism.
  9129 | Lair:2   | Reached skill level 9 in Invocations
  9135 | Lair:2   | 9135 ||| Stepping ~*~*~tactically~*~*~ (stealth).
  9193 | Lair:2   | 9193 ||| Stepping ~*~*~tactically~*~*~ (stealth).
  9201 | Lair:2   | 9201 ||| INVOKING Heroism.
  9234 | Lair:2   | 9234 ||| Stepping ~*~*~tactically~*~*~ (stealth).
  9240 | Lair:2   | Reached ***** piety under Okawaru
  9242 | Lair:2   | 9242 ||| Stepping ~*~*~tactically~*~*~ (stealth).
  9248 | Lair:2   | 9248 ||| Stepping ~*~*~tactically~*~*~ (stealth).
  9249 | Lair:2   | 9249 ||| Stepping ~*~*~tactically~*~*~ (stealth).
  9250 | Lair:2   | 9250 ||| Stepping ~*~*~tactically~*~*~ (stealth).
  9251 | Lair:2   | 9251 ||| Stepping ~*~*~tactically~*~*~ (stealth).
  9270 | Lair:2   | Noticed a six-headed hydra
  9271 | Lair:2   | 9271 ||| Stepping ~*~*~tactically~*~*~ (stealth).
  9272 | Lair:2   | 9272 ||| Stepping ~*~*~tactically~*~*~ (stealth).
  9273 | Lair:2   | 9273 ||| Stepping ~*~*~tactically~*~*~ (stealth).
  9275 | Lair:2   | 9275 ||| INVOKING Heroism.
  9279 | Lair:2   | 9279 ||| Stepping ~*~*~tactically~*~*~ (stealth).
  9287 | Lair:2   | Killed a 12-headed hydra
  9323 | Lair:2   | 9323 ||| Stepping ~*~*~tactically~*~*~ (stealth).
  9324 | Lair:2   | 9324 ||| Stepping ~*~*~tactically~*~*~ (stealth).
  9389 | Lair:2   | Noticed Gastronok
  9390 | Lair:2   | 9390 ||| Stepping ~*~*~tactically~*~*~ (hiding).
  9398 | Lair:2   | 9398 ||| INVOKING Heroism.
  9406 | Lair:2   | Killed Gastronok
  9406 | Lair:2   | Identified the +1 pair of boots of the Sun {Harm rC++}
                  | (Okawaru gifted it to you on level 2 of the Lair of Beasts)
  9406 | Lair:2   | Received a gift from Okawaru
  9840 | Lair:2   | 9840 ||| UPGRADING to ring of protection from cold.
  9842 | Lair:2   | 9842 ||| READING scroll labelled SUPTIUMUILOU.
  9847 | Lair:2   | 9847 ||| READING 4 scrolls of identify.
  9847 | Lair:2   | 9847 ||| IDENTIFYING viscous coppery potion
  9848 | Lair:2   | 9848 ||| DROPPING potion of brilliance.
  9858 | Lair:3   | Noticed a death yak
  9858 | Lair:3   | Noticed a death yak
  9858 | Lair:3   | Noticed a death yak
  9859 | Lair:3   | 9859 ||| INVOKING Heroism.
  9860 | Lair:3   | 9860 ||| INVOKING Finesse.
  9860 | Lair:3   | Noticed a death yak
  9867 | Lair:3   | Killed a death yak
  9868 | Lair:3   | Reached skill level 13 in Axes
  9868 | Lair:3   | Killed a death yak
  9872 | Lair:3   | Killed a death yak
  9875 | Lair:3   | Killed a death yak
  9983 | Lair:3   | Noticed a seven-headed hydra
  9984 | Lair:3   | 9984 ||| INVOKING Heroism.
  9990 | Lair:3   | Killed a 13-headed hydra
 10000 | Lair:3   | 10000 ||| Stepping ~*~*~tactically~*~*~ (hiding).
 10001 | Lair:3   | Found a staircase to the Shoals.
 10004 | Lair:3   | Reached skill level 14 in Axes
 10018 | Lair:3   | Reached XP level 13. HP: 30/82 MP: 20/20
 10112 | Lair:3   | 10112 ||| Stepping ~*~*~tactically~*~*~ (stealth).
 10167 | Lair:3   | 10167 ||| Stepping ~*~*~tactically~*~*~ (stealth).
 10168 | Lair:3   | 10168 ||| Stepping ~*~*~tactically~*~*~ (stealth).
 10327 | Lair:3   | 10327 ||| Stepping ~*~*~tactically~*~*~ (stealth).
 10328 | Lair:3   | 10328 ||| INVOKING Heroism.
 10329 | Lair:3   | 10329 ||| Stepping ~*~*~tactically~*~*~ (stealth).
 10440 | Lair:3   | 10440 ||| Stepping ~*~*~tactically~*~*~ (stealth).
 10531 | Lair:3   | You are sucked into a shaft and drop 2 floors!
 10531 | Lair:5   | Entered Level 5 of the Lair of Beasts
 10538 | Lair:5   | 10538 ||| INVOKING Heroism.
 10597 | Lair:5   | 10597 ||| READING 3 scrolls of identify.
 10597 | Lair:5   | 10597 ||| IDENTIFYING grey potion
 10616 | Lair:5   | 10616 ||| INVOKING Heroism.
 10650 | Lair:5   | 10650 ||| INVOKING Heroism.
 10655 | Lair:5   | Reached skill level 3 in Dodging
 10747 | Lair:5   | 10747 ||| INVOKING Heroism.
 10805 | Lair:5   | 10805 ||| FLEEEEING.
 10806 | Lair:5   | 10806 ||| FLEEEEING.
 10807 | Lair:5   | 10807 ||| FLEEEEING.
 10808 | Lair:5   | 10808 ||| FLEEEEING.
 10809 | Lair:5   | 10809 ||| FLEEEEING.
 10810 | Lair:5   | 10810 ||| STAIRDANCE
 10812 | Lair:4   | 10812 ||| INVOKING Heroism.
 10818 | Lair:4   | HP: 12/84 [catoblepas (24)]
 10819 | Lair:4   | 10819 ||| DRINKING 3 potions of heal wounds.
 10824 | Lair:4   | HP: 20/84 [blink frog (13)]
 10825 | Lair:4   | 10825 ||| DRINKING 2 potions of heal wounds.
 10844 | Lair:4   | 10844 ||| INVOKING Heroism.
 10954 | Lair:4   | 10954 ||| INVOKING Heroism.
 10969 | Lair:4   | HP: 21/84 [20-headed hydra (1)]
 10969 | Lair:4   | HP: 4/84 [20-headed hydra (7)]
 10970 | Lair:4   | 10970 ||| DRINKING potion of heal wounds.
 10971 | Lair:4   | HP: 1/84 [19-headed hydra (4)]
 10971 | Lair:4   | Slain by a 19-headed hydra

Levels and vault maps discovered:
D:1:      lightli_arrival_maybe_door_vault, layout_loops_ring,
          nicolae_eternal_life
D:2:      layout_loops_cross, serial_bayou_pond_b, minmay_divided_ellipse
D:3:      layout_basic, uniq_robin, uniq_crazy_yiuf_cottage
D:4:      layout_basic, hellmonk_ghost_happy_afterlife, minmay_liquid_box,
          lemuel_flame_loot_1
D:5:      layout_basic, nicolae_concentric_dashed_squares_mild
D:6:      layout_rooms, minmay_temple_entry_stoned_glass, serial_shops, shop
D:7:      layout_basic, grunt_temple_overflow_cloverleaf, serial_shops,
          shop_fountains, bh_walls_and_bars, uniq_menkaure, uniq_pikel,
          uniq_duvessa
D:8:      layout_basic, nicolae_overflow_two_pavilions, dpeg_lair_monsters
Temple:   nicolae_temple_elliptical
Lair:1:   layout_regular_city, wad_woods_01, grunt_megastairs_3,
          serial_bayou_shore_b
Lair:2:   minmay_lair_venomous_thicket, layout_loops_ring, dummy_spider_entry,
          chequers_serial_rivers_large_b, uniq_gastronok
Lair:3:   layout_cave_pods, nicolae_shoals_entry_flooding
Lair:4:   hellmonk_destroyed_diamonds, layout_regular_city, slime_entry_2
Lair:5:   hangedman_lair_tendril_chambers, layout_cave_shapes, pond,
          serial_bayou_shore_a

Skill      XL: |  1  2  3  4  5  6  7  8  9 10 11 12 13 |
---------------+----------------------------------------+-----
Axes           | 2 3 4 5 7 8 9 11 12 14 | 14.4
Dodging        | 2 3 |  3.1
Fighting       | 4 5 6 7 9 10 11 | 11.0
Armour         | 4 5 6 7 8 |  8.1
Invocations    | 1 4 8 10 | 10.0
Shields        | 4 5 6 7 |  7.0
Throwing       | 1 |  1.8

Action                     |  1- 3 |  4- 6 |  7- 9 | 10-12 | 13-15 || total
---------------------------+-------+-------+-------+-------+-------++-------
  Melee: War axe           |    97 |    90 |       |       |       ||   187
         Labrys            |       |    36 |   222 |   324 |   157 ||   739
  Throw: Boomerang         |       |       |     8 |       |       ||     8
 Invoke: Heroism           |       |       |     8 |    15 |     8 ||    31
         Finesse           |       |       |       |     1 |       ||     1
    Use: Scroll            |     7 |     6 |     1 |     5 |     1 ||    20
         Potion            |     1 |       |     1 |     2 |     3 ||     7
 Armour: Scale mail        |    46 |    55 |       |       |       ||   101
         Ring mail         |       |    18 |    33 |       |       ||    51
         Chain mail        |       |       |   103 |    49 |       ||   152
         Fire dragon scale |       |       |       |    75 |   129 ||   204
  Dodge: Dodged            |    50 |    69 |   111 |   167 |   133 ||   530
  Block: Buckler           |    15 |    14 |    49 |    75 |    49 ||   202

Table legend:
 A = Non-vault XP
 B = Vault XP
 C = Vault XP percentage of total XP
 D = Non-vault monster count
 E = Vault monster count
 F = Vault count percentage of total count
                 A         B        C        D         E       F
            +---------+---------+-------+---------+---------+-------
      Total |   32006 |   11044 |  25.7 |     223 |      73 |  24.7
            +---------+---------+-------+---------+---------+-------
        D:1 |       6 |       0 |   0.0 |       5 |       0 |   0.0
        D:2 |      86 |      30 |  25.9 |      22 |      18 |  45.0
        D:3 |     121 |      36 |  22.9 |      14 |      12 |  46.2
        D:4 |     203 |       0 |   0.0 |      12 |       0 |   0.0
        D:5 |     820 |       0 |   0.0 |      19 |       0 |   0.0
        D:6 |     421 |       0 |   0.0 |      11 |       0 |   0.0
        D:7 |    1267 |    1068 |  45.7 |      21 |       4 |  16.0
        D:8 |    2556 |    2498 |  49.4 |      22 |      11 |  33.3
     Lair:1 |    5144 |    2646 |  34.0 |      23 |      13 |  36.1
     Lair:2 |    5982 |    3129 |  34.3 |      27 |       9 |  25.0
     Lair:3 |    9282 |     482 |   4.9 |      27 |       1 |   3.6
     Lair:4 |    2640 |       0 |   0.0 |       9 |       0 |   0.0
     Lair:5 |    3478 |    1155 |  24.9 |      11 |       5 |  31.2
            +---------+---------+-------+---------+---------+-------
